SAAA
BLOOMINGTON LONGNECKS @ HOUSTON BC
08/09/2030
 
TOP OF THE 1ST
Bloomington Longnecks batting - Pitching for Houston BC : RHP Millard Taylor
Pitching: RHP Millard Taylor
Batting: RHB Silvio Bonauiti 0-0: Ball
1-0: Ball
2-0: Called Strike
2-1: Foul Ball, location: 2F
2-2: Ground out 6-3 (Groundball, 6)
Batting: LHB Daniel Faraday 0-0: Ball
1-0: Ball
2-0: Called Strike
2-1: Ball
3-1: Called Strike
3-2: Fly out, F7 (Flyball, 8LS)
Batting: SHB Benedict Patel 0-0: Ball
1-0: Foul Ball, location: 2F
1-1: Fly out, F9 (Flyball, 9D)
Top of the 1st over - 0 runs, 0 hits, 0 errors, 0 left on base; Bloomington 0 - Houston 0
BOTTOM OF THE 1ST
Houston BC batting - Pitching for Bloomington Longnecks : RHP Atila Freska
Pitching: RHP Atila Freska
Batting: RHB Habbo Allaart 0-0: Foul Ball, location: 2F
0-1: Fly out, F8 (Flyball, 8LD)
Batting: RHB Chris Harrell 0-0: Swinging Strike
0-1: Ground out 1-3 (Groundball, 13S)
Batting: SHB Ricardo Pérez 0-0: Fly out, F7 (Flyball, 7S)
Bottom of the 1st over - 0 runs, 0 hits, 0 errors, 0 left on base; Bloomington 0 - Houston 0
TOP OF THE 2ND
Bloomington Longnecks batting - Pitching for Houston BC : RHP Millard Taylor
Batting: RHB Gabrio Campoverde 0-0: Ball
1-0: Foul Ball, location: 2F
1-1: Ground out 5-3 (Groundball, 56)
Batting: RHB Martín Martínez 0-0: Called Strike
0-1: Ball
1-1: Fly out, F4 (Line Drive, 4M)
Batting: RHB Toussiant L'Ouverture 0-0: Ball
1-0: Ground out 1-3 (Groundball, 13S)
Top of the 2nd over - 0 runs, 0 hits, 0 errors, 0 left on base; Bloomington 0 - Houston 0
BOTTOM OF THE 2ND
Houston BC batting - Pitching for Bloomington Longnecks : RHP Atila Freska
Batting: RHB António López 0-0: Called Strike
0-1: Swinging Strike
0-2: Ball
1-2: Ball
2-2: Ball
3-2: SINGLE (Groundball, 34D)
Batting: RHB Phil Dougherty 0-0: Called Strike
0-1: Ball
1-1: Foul Ball, location: 2F
1-2: Grounds into double play, 4-6-3 (Groundball, 34)
Batting: LHB Dawit Lihalakha 0-0: Ball
1-0: Ground out 4-3 (Groundball, 4)
Bottom of the 2nd over - 0 runs, 1 hit, 0 errors, 0 left on base; Bloomington 0 - Houston 0
TOP OF THE 3RD
Bloomington Longnecks batting - Pitching for Houston BC : RHP Millard Taylor
Batting: RHB Ty Struck 0-0: Swinging Strike
0-1: Ball
1-1: Foul Ball, location: 2F
1-2: Strikes out swinging
Batting: LHB Gabriel Díaz 0-0: Ball
1-0: Swinging Strike
1-1: Foul Ball, location: 2F
1-2: Ball
2-2: Foul Ball, location: 2F
2-2: Ground out 4-3 (Groundball, 4)
Batting: RHB Enrique Marroquín 0-0: Called Strike
0-1: Ball
1-1: Swinging Strike
1-2: SOLO HOME RUN (Flyball, 78XD), Distance : 439 ft
Batting: RHB Silvio Bonauiti 0-0: Called Strike
0-1: Fly out, F4 (Popup, 13S)
Top of the 3rd over - 1 run, 1 hit, 0 errors, 0 left on base; Bloomington 1 - Houston 0
BOTTOM OF THE 3RD
Houston BC batting - Pitching for Bloomington Longnecks : RHP Atila Freska
Batting: LHB Lee Hart 0-0: Ball
1-0: Ball
2-0: Called Strike
2-1: Ball
3-1: SINGLE (Groundball, 34D)
Batting: RHB Dennis Morrow 0-0: Grounds into double play, 4-6-3 (Groundball, 4)
Batting: RHB George Zeek 0-0: Ball
1-0: SINGLE (Line Drive, 9LS)
Batting: RHB Habbo Allaart 0-0: Ball
1-0: Foul Ball, location: 2F
1-1: Reached on error, E5 (Groundball, 56)
George Zeek to second
Batting: RHB Chris Harrell 0-0: Ball
1-0: Fly out, F8 (Flyball, 89D)
Bottom of the 3rd over - 0 runs, 2 hits, 1 error, 2 left on base; Bloomington 1 - Houston 0
TOP OF THE 4TH
Bloomington Longnecks batting - Pitching for Houston BC : RHP Millard Taylor
Batting: LHB Daniel Faraday 0-0: Foul Ball, location: 2F
0-1: Ball
1-1: Ball
2-1: SINGLE (Flyball, 89S)
Batting: SHB Benedict Patel 0-0: Called Strike
0-1: Ball
1-1: Called Strike
1-2: Fly out, F5 (Popup, 5S)
Batting: RHB Gabrio Campoverde 0-0: Ball
Wild Pitch!
Daniel Faraday to second
1-0: Ball
2-0: Ball
3-0: Called Strike
3-1: Ground out 4-3 (Groundball, 6MD)
Daniel Faraday to third
Batting: RHB Martín Martínez 0-0: Ball
1-0: Ball
2-0: Called Strike
2-1: Swinging Strike
2-2: Ball
3-2: Fly out, F8 (Flyball, 78D)
Top of the 4th over - 0 runs, 1 hit, 0 errors, 1 left on base; Bloomington 1 - Houston 0
BOTTOM OF THE 4TH
Houston BC batting - Pitching for Bloomington Longnecks : RHP Atila Freska
Batting: SHB Ricardo Pérez 0-0: Called Strike
0-1: Ground out U3 (Groundball, 34D)
Batting: RHB António López 0-0: Ground out 6-3 (Groundball, 6)
Batting: RHB Phil Dougherty 0-0: Ball
1-0: Ball
2-0: Reached on error, E6 (Groundball, 6)
Batting: LHB Dawit Lihalakha 0-0: Called Strike
0-1: Fly out, F6 (Popup, 6M)
Bottom of the 4th over - 0 runs, 0 hits, 1 error, 1 left on base; Bloomington 1 - Houston 0
TOP OF THE 5TH
Bloomington Longnecks batting - Pitching for Houston BC : RHP Millard Taylor
Batting: RHB Toussiant L'Ouverture 0-0: Ball
1-0: Called Strike
1-1: Ball
2-1: Foul Ball, location: 2F
2-2: Foul Ball, location: 2F
2-2: SINGLE (Groundball, 56D)
Batting: RHB Ty Struck 0-0: Ball
1-0: Foul Ball, location: 2F
1-1: Ball
2-1: Fly out, F8 (Flyball, 8LS)
Batting: LHB Gabriel Díaz 0-0: Ball
1-0: Fielders Choice at 2nd, 4-6 (Groundball, 4)
Batting: RHB Enrique Marroquín 0-0: Called Strike
0-1: Ball
1-1: Foul Ball, location: 2F
1-2: Ground out 4-3 (Groundball, 4)
Top of the 5th over - 0 runs, 1 hit, 0 errors, 1 left on base; Bloomington 1 - Houston 0
BOTTOM OF THE 5TH
Houston BC batting - Pitching for Bloomington Longnecks : RHP Atila Freska
Batting: LHB Lee Hart 0-0: Ball
1-0: Foul Ball, location: 2F
1-1: Ball
2-1: Ball
3-1: Base on Balls
Batting: RHB Dennis Morrow 0-0: Called Strike
0-1: Fielders Choice at 2nd, 6-4 (Groundball, 6)
Batting: RHB George Zeek 0-0: Fly out, F8 (Flyball, 78D)
Batting: RHB Habbo Allaart 0-0: Called Strike
0-1: Ball
1-1: Ground out 4-3 (Groundball, 4)
Bottom of the 5th over - 0 runs, 0 hits, 0 errors, 1 left on base; Bloomington 1 - Houston 0
TOP OF THE 6TH
Bloomington Longnecks batting - Pitching for Houston BC : RHP Millard Taylor
Batting: RHB Silvio Bonauiti 0-0: Swinging Strike
0-1: Ball
1-1: Ball
2-1: Fly out, F8 (Line Drive, 8LM)
Batting: LHB Daniel Faraday 0-0: Ball
1-0: Ball
2-0: Ball
3-0: Called Strike
3-1: Foul Ball, location: 2F
3-2: Foul Ball, location: 2F
3-2: Strikes out looking
Batting: SHB Benedict Patel 0-0: Ball
1-0: Foul Ball, location: 2F
1-1: Fly out, F3 (Popup, 3L)
Top of the 6th over - 0 runs, 0 hits, 0 errors, 0 left on base; Bloomington 1 - Houston 0
BOTTOM OF THE 6TH
Houston BC batting - Pitching for Bloomington Longnecks : RHP Atila Freska
Batting: RHB Chris Harrell 0-0: Fly out, F9 (Flyball, 9S)
Batting: SHB Ricardo Pérez 0-0: Foul Ball, location: 2F
0-1: Ball
1-1: Ground out 6-3 (Groundball, 56)
Batting: RHB António López 0-0: Ball
1-0: Ball
2-0: Foul Ball, location: 2F
2-1: Swinging Strike
2-2: Strikes out swinging
Bottom of the 6th over - 0 runs, 0 hits, 0 errors, 0 left on base; Bloomington 1 - Houston 0
TOP OF THE 7TH
Bloomington Longnecks batting - Pitching for Houston BC : RHP Millard Taylor
Batting: RHB Gabrio Campoverde 0-0: Ball
1-0: Ball
2-0: SINGLE (Groundball, 6MD)
Batting: RHB Martín Martínez 0-0: Ball
1-0: Foul Ball, location: 2F
1-1: SINGLE (Line Drive, 7LS)
Gabrio Campoverde to second
Batting: RHB Toussiant L'Ouverture 0-0: Ball
1-0: Called Strike
1-1: Swinging Strike
1-2: Ball
2-2: Ball
3-2: Ground out 4-3 (Groundball, 4)
Gabrio Campoverde to third
Martín Martínez to second
Batting: RHB Ty Struck 0-0: Ball
1-0: Called Strike
1-1: Fly out, F8 (Flyball, 8RD)
Runner from 3rd tags up, SCORES, no throw
Pitching: LHP Stanton Miranda
Batting: LHB Gabriel Díaz 0-0: Called Strike
0-1: DOUBLE (Line Drive, 7LM)
Martín Martínez scores
Batting: RHB Enrique Marroquín 0-0: Called Strike
0-1: Ball
1-1: Ball
2-1: Ground out 4-3 (Groundball, 4S)
Top of the 7th over - 2 runs, 3 hits, 0 errors, 1 left on base; Bloomington 3 - Houston 0
BOTTOM OF THE 7TH
Houston BC batting - Pitching for Bloomington Longnecks : RHP Atila Freska
Batting: RHB Phil Dougherty 0-0: Ball
1-0: Ball
2-0: Ball
3-0: Called Strike
3-1: DOUBLE (Line Drive, 89D)
Batting: LHB Dawit Lihalakha 0-0: Ball
1-0: 2-RUN HOME RUN (Flyball, 89XD), Distance : 435 ft
Batting: LHB Lee Hart 0-0: Called Strike
0-1: Called Strike
0-2: Ball
1-2: Ball
2-2: Strikes out swinging
Batting: RHB Dennis Morrow 0-0: Ball
1-0: Called Strike
1-1: Ball
2-1: Foul Ball, location: 2F
2-2: Strikes out swinging
Batting: RHB George Zeek 0-0: SINGLE (Groundball, 56D)
Batting: RHB Habbo Allaart 0-0: Ball
1-0: Ball
2-0: Called Strike
2-1: SINGLE (Flyball, 9S)
George Zeek to second
Runner from 2nd tries for 3rd, SAFE, no throw
Batting: RHB Chris Harrell 0-0: Ball
1-0: Fly out, F5 (Popup, 5)
Bottom of the 7th over - 2 runs, 4 hits, 0 errors, 2 left on base; Bloomington 3 - Houston 2
TOP OF THE 8TH
Bloomington Longnecks batting - Pitching for Houston BC : LHP Stanton Miranda
Batting: RHB Silvio Bonauiti 0-0: Foul Ball, location: 2F
0-1: Swinging Strike
0-2: Ball
1-2: Ball
2-2: Foul Ball, location: 2F
2-2: SINGLE (Groundball, 6MD)
Batting: LHB Daniel Faraday 0-0: Sac Bunt - play at first, batter OUT! 3-4
Silvio Bonauiti to second
Pinch Hitting: RHB Masafumi Ito 0-0: Called Strike
0-1: SINGLE (Groundball, 56D)
Silvio Bonauiti to third
Runner from 3rd tries for Home, SAFE, throw made home
Batting: RHB Gabrio Campoverde 0-0: Ground out 5-3 (Groundball, 56S)
Masafumi Ito to second
Batting: RHB Martín Martínez 0-0: Intentional Walk
Batting: RHB Toussiant L'Ouverture 0-0: Ball
1-0: Fly out, F6 (Popup, 4MD)
Top of the 8th over - 1 run, 2 hits, 0 errors, 2 left on base; Bloomington 4 - Houston 2
BOTTOM OF THE 8TH
Houston BC batting - Pitching for Bloomington Longnecks : RHP Atila Freska
Now at SS: Keith Alexander
Batting: SHB Ricardo Pérez 0-0: Ball
1-0: Called Strike
1-1: Foul Ball, location: 2F
1-2: Ground out 6-3 (Groundball, 6)
Batting: RHB António López 0-0: Foul Ball, location: 2F
0-1: Foul Ball, location: 2F
0-2: Ball
1-2: Foul Ball, location: 2F
1-2: Foul Ball, location: 2F
1-2: Ball
2-2: Foul Ball, location: 2F
2-2: Ball
3-2: Ground out 5-3 (Groundball, 56S)
Batting: RHB Phil Dougherty 0-0: Called Strike
0-1: Ball
1-1: Ball
2-1: Fly out, F4 (Popup, 4M)
Bottom of the 8th over - 0 runs, 0 hits, 0 errors, 0 left on base; Bloomington 4 - Houston 2
TOP OF THE 9TH
Bloomington Longnecks batting - Pitching for Houston BC : LHP Stanton Miranda
Batting: RHB Ty Struck 0-0: Ball
1-0: Ground out 5-3 (Groundball, 56S)
Batting: LHB Gabriel Díaz 0-0: Fly out, F9 (Flyball, 9D)
Batting: RHB Enrique Marroquín 0-0: Fly out, F8 (Flyball, 8RD)
Top of the 9th over - 0 runs, 0 hits, 0 errors, 0 left on base; Bloomington 4 - Houston 2
BOTTOM OF THE 9TH
Houston BC batting - Pitching for Bloomington Longnecks : RHP Atila Freska
Pitching: LHP Anaías Pedroza
Batting: LHB Dawit Lihalakha 0-0: SINGLE (Groundball, 34D)
Batting: LHB Lee Hart 0-0: Ball
1-0: Swinging Strike
1-1: Ball
2-1: Ball
3-1: Base on Balls
Dawit Lihalakha to second
Pinch Runner at 2nd Marvin Hayes:
Batting: RHB Dennis Morrow 0-0: Ball
1-0: Called Strike
1-1: Foul Ball, location: 2F
1-2: Ball
2-2: Strikes out swinging
Batting: RHB George Zeek 0-0: Ball
1-0: Ball
2-0: Ball
3-0: Called Strike
3-1: Base on Balls
Marvin Hayes to third
Lee Hart to second
Batting: RHB Habbo Allaart 0-0: Ball
1-0: Called Strike
1-1: Ball
2-1: Ball
3-1: Base on Balls
Marvin Hayes scores
Lee Hart to third
George Zeek to second
Batting: RHB Chris Harrell 0-0: Ball
1-0: Called Strike
1-1: Fly out, F6 (Line Drive, 6)
Batting: SHB Ricardo Pérez 0-0: Ball
1-0: Called Strike
1-1: Ball
2-1: Foul Ball, location: 2F
2-2: Ball
3-2: Base on Balls
Lee Hart scores
George Zeek to third
Habbo Allaart to second
Batting: RHB António López 0-0: Ball
1-0: Called Strike
1-1: Ball
2-1: Swinging Strike
2-2: Ball
3-2: Fly out, F8 (Flyball, 8LD)
Bottom of the 9th over - 2 runs, 1 hit, 0 errors, 3 left on base; Bloomington 4 - Houston 4
TOP OF THE 10TH
Bloomington Longnecks batting - Pitching for Houston BC : LHP Stanton Miranda
Pitching: RHP Stef Dijkman
Now at SS: Marvin Hayes
Batting: RHB Silvio Bonauiti 0-0: Ball
1-0: Foul Ball, location: 2F
1-1: Ball
2-1: Foul Ball, location: 2F
2-2: Ball
3-2: Fly out, F8 (Flyball, 8RD)
Batting: LHB Daniel Faraday 0-0: Ball
1-0: Foul Ball, location: 2F
1-1: Foul Ball, location: 2F
1-2: Ball
2-2: Ball
3-2: Ground out U3 (Groundball, 3)
Batting: LHB Keith Alexander 0-0: Ball
1-0: Called Strike
1-1: Foul Ball, location: 2F
1-2: Strikes out swinging
Top of the 10th over - 0 runs, 0 hits, 0 errors, 0 left on base; Bloomington 4 - Houston 4
BOTTOM OF THE 10TH
Houston BC batting - Pitching for Bloomington Longnecks : LHP Anaías Pedroza
Pitching: RHP Lou Hartling
Batting: RHB Phil Dougherty 0-0: Foul Ball, location: 2F
0-1: Foul Ball, location: 2F
0-2: Ball
1-2: SINGLE (Groundball, 56D)
Batting: RHB Marvin Hayes 0-0: Bunt missed!
0-1: Sac Bunt - play at second, runner OUT! 1-6
Batting: LHB Lee Hart 0-0: Ball
1-0: Ball
2-0: Called Strike
2-1: Ball
3-1: Called Strike
3-2: Base on Balls
Marvin Hayes to second
Batting: RHB Dennis Morrow 0-0: Foul Ball, location: 2F
0-1: Foul Ball, location: 2F
0-2: Ball
1-2: Foul Ball, location: 2F
1-2: Ground out 2-3 (Groundball, 15S)
Marvin Hayes to third
Lee Hart to second
Batting: RHB George Zeek 0-0: Called Strike
0-1: Foul Ball, location: 2F
0-2: Strikes out swinging
Bottom of the 10th over - 0 runs, 1 hit, 0 errors, 2 left on base; Bloomington 4 - Houston 4
TOP OF THE 11TH
Bloomington Longnecks batting - Pitching for Houston BC : RHP Stef Dijkman
Batting: RHB Gabrio Campoverde 0-0: Called Strike
0-1: Swinging Strike
0-2: Strikes out swinging
Batting: RHB Martín Martínez 0-0: Ground out 6-3 (Groundball, 6)
Batting: RHB Toussiant L'Ouverture 0-0: Called Strike
0-1: Foul Ball, location: 2F
0-2: SINGLE (Groundball, 56D)
Batting: RHB Ty Struck 0-0: Ball
1-0: Ground out 2-3 (Groundball, 2R)
Top of the 11th over - 0 runs, 1 hit, 0 errors, 1 left on base; Bloomington 4 - Houston 4
BOTTOM OF THE 11TH
Houston BC batting - Pitching for Bloomington Longnecks : RHP Lou Hartling
Batting: RHB Habbo Allaart 0-0: Called Strike
0-1: Ball
1-1: Foul Ball, location: 2F
1-2: Ball
2-2: Strikes out swinging
Batting: RHB Chris Harrell 0-0: Foul Ball, location: 2F
0-1: Ground out 5-3 (Groundball, 56S)
Batting: SHB Ricardo Pérez 0-0: Called Strike
0-1: Ball
1-1: SINGLE (Groundball, 34D)
Batting: RHB António López 0-0: Called Strike
0-1: Swinging Strike
0-2: Strikes out looking
Bottom of the 11th over - 0 runs, 1 hit, 0 errors, 1 left on base; Bloomington 4 - Houston 4
TOP OF THE 12TH
Bloomington Longnecks batting - Pitching for Houston BC : RHP Stef Dijkman
Pitching: RHP Pepe Delgado
Batting: LHB Gabriel Díaz 0-0: Foul Ball, location: 2F
0-1: Ball
1-1: Ground out U3 (Groundball, 3)
Batting: RHB Enrique Marroquín 0-0: Ball
1-0: Called Strike
1-1: Called Strike
1-2: Strikes out swinging
Batting: RHB Silvio Bonauiti 0-0: Ball
1-0: Ball
2-0: Swinging Strike
2-1: Fly out, F4 (Popup, 13)
Top of the 12th over - 0 runs, 0 hits, 0 errors, 0 left on base; Bloomington 4 - Houston 4
BOTTOM OF THE 12TH
Houston BC batting - Pitching for Bloomington Longnecks : RHP Lou Hartling
Batting: RHB Phil Dougherty 0-0: Foul Ball, location: 2F
0-1: Called Strike
0-2: Foul Ball, location: 2F
0-2: Ball
1-2: Ball
2-2: Ball
3-2: Fly out, F8 (Flyball, 8LXD)
Pinch Hitting: RHB Alfredo Rivera 0-0: Called Strike
0-1: Ball
1-1: Called Strike
1-2: Ball
2-2: Ball
3-2: Ground out 4-3 (Groundball, 4)
Batting: LHB Lee Hart 0-0: Ball
1-0: Called Strike
1-1: SOLO HOME RUN (Flyball, 9LD), Distance : 352 ft
Sunday, March 18th, 2018 - OOTP Baseball 18.8 Build 76